 Dungeon Crawl Stone Soup version 0.28.0-53-g5a82cb258f (webtiles) character file.

Game seed: 1627118366595201638

214 Sin92 the Shield-Bearer (level 5, 0/34 (47) HPs)
             Began as a Minotaur Fighter on June 8, 2022.
             Killed from afar by Natasha (3 damage)
             ... with a magic dart
             ... on level 4 of the Dungeon.
             The game lasted 00:02:52 (3144 turns).

Sin92 the Shield-Bearer (Minotaur Fighter)          Turns: 3144, Time: 00:02:53

HP:   0/34 (47)     AC:  8    Str: 23    XL:     5   Next: 59%
MP:   4/4           EV: 10    Int:  5    God:
Gold: 1082          SH:  6    Dex:  9    Spells: 4/4 levels left

rFire   . . .      SeeInvis .   a - +0 war axe
rCold   . . .      Faith    .   m - +2 buckler
rNeg    . . .      Spirit   .   b - +0 scale mail
rPois   .          Reflect  .   (helmet restricted)
rElec   .          Harm     .   n - +0 cloak
rCorr   .          Rampage  .   (no gloves)
Will    .....                   (no boots)
Stlth   ..........              (no amulet)
HPRegen 0.11/turn               (no ring)
MPRegen 0.09/turn               (no ring)

@: attractive, slowed, very heavily drained, very slow
A: horns 2, retaliatory headbutt
a: no special abilities


You were on level 4 of the Dungeon.
You visited 1 branch of the dungeon, and saw 4 of its levels.

You collected 1082 gold pieces.

Inventory:

Hand Weapons
 a - a +0 war axe (weapon)
Armour
 b - a +0 scale mail (worn)
 m - a +2 buckler (worn)
 n - a +0 cloak (worn)
Scrolls
 k - a scroll of teleportation {unknown}
Potions
 d - a potion of might
 e - a potion of berserk rage {unknown}
 f - a potion of brilliance {unknown}
 g - a potion of attraction
 h - a potion of flight {unknown}
 i - a potion of invisibility {unknown}
 j - a potion of heal wounds {unknown}
 l - 2 potions of curing {unknown}


   Skills:
 + Level 4.6 Fighting
 * Level 4.4 Axes
 + Level 4.5 Armour
 + Level 2.0 Dodging
 + Level 4.6 Shields


You had 4 spell levels left.
You didn't know any spells.
Your spell library contained the following spells:

 Spells                   Type           Power      Damage    Failure   Level
 Magic Dart               Conj           0%         1d3       86%         1
 Call Imp                 Summ           0%         N/A       95%         2
 Static Discharge         Conj/Air       0%         N/A       95%         2
 Mephitic Cloud           Conj/Pois/Air  0%         N/A       99%         3
 Ozocubu's Armour         Ice            0%         N/A       99%         3
 Dispel Undead            Necr           0%         3d6       100%        4
 Sticky Flame             Conj/Fire      0%         2d3       100%        4
 Ozocubu's Refrigeration  Ice            0%         4d5       100%        7


Dungeon Overview and Level Annotations

Branches:
Dungeon (4/15)
 Temple: D:4-7

Altars:

Annotations:
D:4 Edmund, Natasha


Innate Abilities, Weirdness & Mutations

You have a pair of horns on your head.
You reflexively headbutt those who attack you in melee.


Message History

You hit Edmund but do no damage.
Edmund hits you with a +0 flail of draining.
You feel drained.
Edmund hits you with a +0 flail of draining.
You feel drained. Natasha claws you but does no damage.
You block Edmund's attack.
There are monsters nearby!
You hit Edmund.
Edmund is lightly wounded.
You closely miss Natasha.
Edmund hits you with a +0 flail of draining.
You feel drained. Natasha barely misses you. You block Edmund's attack.
Natasha claws you but does no damage.
Edmund hits you with a +0 flail of draining.
You feel drained.
It was a potion of attraction.
You feel attractive to monsters. Edmund hits you but does no damage.
You feel drained. Natasha claws you but does no damage.
You block Edmund's attack. You block Natasha's attack.
Edmund says, "I might not be good at magic, but I can still kill you!"
You block Edmund's attack. Natasha claws you.
Edmund hits you but does no damage.
You feel drained.
Natasha stares at you and mumbles some strange words.
You resist with some effort. Natasha is attracted toward you.
Edmund misses you. Natasha claws you.
Edmund hits you with a +0 flail of draining!
* * * LOW HITPOINT WARNING * * *
You feel drained.
* * * LOW HITPOINT WARNING * * *
You block Edmund's attack. Natasha misses you. You furiously retaliate!
You headbutt Natasha, but do no damage.
Edmund says, "People accused me of being a cutpurse!"
Edmund hits you with a +0 flail of draining.
* * * LOW HITPOINT WARNING * * *
You feel drained. Edmund closely misses you. Natasha casts a spell at you.
The magic dart hits you.
You die...

#..........≈≈≈≈
#..............
#..............
#..............
#..............
#..............
##+####..............
#....................
#......@@)....?......
#.......h............
#....................
#....................
......##+#####+#.....
...... )... ...... ..
...... ....


You could see Edmund (fast) and Natasha.

Vanquished Creatures
  A hound (D:4)
  Crazy Yiuf (D:2)
  An orc priest (D:2)
  An orc wizard (D:2)
  4 adders
  A worm (D:3)
  4 orcs
  5 ball pythons
  4 endoplasms
  3 giant cockroaches (D:1)
  6 goblins
  9 hobgoblins
  2 jackals (D:3)
  3 quokkas
  5 bats
  3 frilled lizards (D:3)
  2 kobolds
55 creatures vanquished.

Notes
Turn   | Place    | Note
-------+----------+-------------------------------------------
     0 | D:1      | Sin92 the Minotaur Fighter began the quest for the Orb.
     0 | D:1      | Reached XP level 1. HP: 19/19 MP: 0/0
   332 | D:1      | Reached XP level 2. HP: 27/27 MP: 1/1
   875 | D:2      | Reached skill level 1 in Dodging
   875 | D:2      | Reached XP level 3. HP: 13/33 MP: 2/2
   878 | D:2      | Reached XP level 4. HP: 9/40 MP: 3/3
   940 | D:2      | Identified a scroll of acquirement
   940 | D:2      | Acquired 960 gold pieces
  1528 | D:2      | Found a runed translucent door.
  1529 | D:2      | Noticed Crazy Yiuf
  2408 | D:3      | Reached XP level 5. HP: 38/47 MP: 4/4
  2812 | D:2      | Killed Crazy Yiuf
  3132 | D:4      | Noticed Edmund
  3133 | D:4      | Noticed Natasha
  3144 | D:4      | Killed from afar by Natasha

Illustrated notes

Levels and vault maps discovered:
D:1:      dpeg_arrival_oval, layout_loops_ring, dk_noncrumbling_4
D:2:      layout_loops_corners, chequers_hall_statues_y, uniq_crazy_yiuf_cottage
D:3:      layout_rooms, chequers_serial_rivers_micro_a
D:4:      cheibrodos_thug_alley, layout_gridville, temple_statues,
          minmay_misc_feat_enclosed, minmay_puff, uniq_natasha, uniq_sigmund,
          uniq_edmund

Skill      XL: |  1  2  3  4  5 |
---------------+----------------+-----
Axes           | 3 4 |  4.4
Fighting       | 4 |  4.6
Armour         | 4 |  4.5
Dodging        | 1 2 |  2.0
Shields        | 4 |  4.6

Action                   |  1- 3 |  4- 6 || total
-------------------------+-------+-------++-------
Melee: War axe           |    45 |    84 ||   129
       Headbutt          |     6 |    11 ||    17
  Use: Scroll            |       |     2 ||     2
       Potion            |       |     1 ||     1
Armor: Scale mail        |    26 |    37 ||    63
Dodge: Dodged            |    26 |    40 ||    66
Block: Buckler           |    12 |    26 ||    38
